 Dungeon Crawl Stone Soup version 0.21.1-1-g345015fe64 (webtiles) character file.

17703 metalgear the Cleaver (level 12, 0/112 HPs)
             Began as a Minotaur Berserker on Apr 16, 2018.
             Was a High Priest of Trog.
             Slain by a yak (9 damage)
             ... on level 12 of the Dungeon.
             The game lasted 01:14:01 (12748 turns).

metalgear the Cleaver (Minotaur Berserker)         Turns: 12748, Time: 01:14:01

Health: 0/112      AC: 23    Str: 26    XL:     12   Next: 21%
Magic:  0/11       EV:  9    Int:  8    God:    Trog [*****.]
Gold:   659        SH:  0    Dex: 11    Spells: 11/11 levels left

rFire    . . .     SeeInvis .   a - +4 hand axe
rCold    . . .     Gourm    .   (no shield)
rNeg     . . .     Faith    .   B - +1 plate armour of Baldness {-Tele rPois MR+++ Int+4}
rPois    +         Spirit   +   (helmet restricted)
rElec    .         Reflect  .   (no cloak)
rCorr    .         Harm     .   D - +2 pair of gloves
MR       +++++     NoTele   +   (no boots)
Stlth    ..........             k - amulet of guardian spirit
HPRegen  1.28/turn              o - ring of stealth
MPRegen  0.12/turn              q - +3 ring of protection

@: berserk cooldown, starving, regenerating, slowed, drained, very slow
A: retaliatory headbutt, horns 2
a: Berserk, Trog's Hand, Brothers in Arms, Burn Spellbooks, Renounce Religion


You were on level 12 of the Dungeon.
You worshipped Trog.
Trog was extremely pleased with you.
You were starving.

You visited 3 branches of the dungeon, and saw 14 of its levels.

You collected 659 gold pieces.

Inventory:

Hand Weapons
 a - a +4 hand axe (weapon)
 t - the +8 rapier of the Snake Pit {flame, rPois rC+ Int+7, unknown}
   (You found it on level 5 of the Dungeon)

   It has been specially enchanted to burn those struck by it, causing extra
   injury to most foes and up to half again as much damage against particularly
   susceptible opponents.
   It affects your intelligence (+7).
   It protects you from cold.
   It protects you from poison.
Armour
 b - a +0 shield
 e - a +0 chain mail
 f - a +0 ring mail
 h - a +1 leather armour of cold resistance
 i - a +3 plate armour
 u - a +0 pair of gloves
 B - the +1 plate armour of Baldness (worn) {-Tele rPois MR+++ Int+4}
   (You found it on level 7 of the Dungeon)

   It affects your intelligence (+4).
   It protects you from poison.
   It affects your resistance to hostile enchantments.
   It prevents most forms of teleportation.
 D - a +2 pair of gloves (worn)
Jewellery
 k - an amulet of guardian spirit (around neck)
 o - a ring of stealth (left hand)
 q - a +3 ring of protection (right hand)
 v - a +3 amulet of reflection
 w - a +5 ring of intelligence
Wands
 p - a wand of polymorph (19)
 r - a wand of digging (10)
 z - a wand of disintegration (16)
 C - a wand of iceblast (4)
 G - a wand of acid (1)
 I - a wand of clouds (4)
Scrolls
 j - 2 scrolls of remove curse
 s - 2 scrolls of identify
 x - a scroll of teleportation
 y - a scroll of fog
 F - a scroll of silence
Potions
 g - 4 potions of flight
 l - 4 potions of magic {unknown}
 m - 2 potions of might {unknown}
 n - 3 potions of brilliance
 A - 2 potions of resistance
 E - a potion of cancellation {unknown}
 H - a potion of agility
Comestibles
 c - 9 rations


   Skills:
 + Level 12.0(11.8) Fighting
 + Level 14.9(14.7) Axes
 + Level 13.8(13.5) Armour
 + Level 3.9(3.8) Dodging
 + Level 0.7(0.6) Evocations


You had 11 spell levels left.
You didn't know any spells.

Dungeon Overview and Level Annotations

Branches:
Dungeon (12/15)            Temple (1/1) D:6            Lair (1/6) D:10
    Orc (0/2) D:9

Altars:
Ashenzari
Elyvilon
Gozag
Nemelex Xobeh
Okawaru
Ru
Sif Muna
Trog

Shops:
D:12 (


Innate Abilities, Weirdness & Mutations

You reflexively headbutt those who attack you in melee.
You have a pair of horns on your head.


Message History

You cannot teleport because you are wearing the +1 plate armour of Baldness {-Tele rPois MR+++ Int+4}.
You're still recovering from your berserk rage.
Your skin crawls.
You feel resistant to hostile enchantments.
You feel somewhat more hungry.
You are starving!
The yak gores you.
* * * LOW HITPOINT WARNING * * *
The yak gores you.
* * * LOW HITPOINT WARNING * * *
The yak gores you.
* * * LOW HITPOINT WARNING * * *
The yak gores you.
* * * LOW HITPOINT WARNING * * *
You hit the yak but do no damage. You hit the yak. x3
The yak gores you but does no damage. The yak completely misses you.
The yak barely misses you. The yak gores you but does no damage.
You hit the yak but do no damage. You slash the yak!
You hit the yak but do no damage. You hit the yak. The yak gores you!
You die...

#### ####### ..>.. ##
#.....#......
.#############.....#......
........................Y.
...####.##.###.....# ..<.(
.....##.#...##...s)#.....(
...#.##.(....##.YY))......
................@Y######.#
.######.†....###Y.# ##
#.#...## #..# # #.##.##
#..# # ##.##.## #..#
######......####..#
..................#
####........#.##.## #
#..#....##.##.#


You could see 4 yaks and a scorpion.

Vanquished Creatures
  The ghost of keat06 the Commander, a journeyman FoFi of Okawaru (D:11)
  A two-headed ogre (D:12)
  An ugly thing (D:11)
  A deep elf mage (D:11)
  2 manticores
  A centaur zombie (D:11)
  2 black mambas (Lair:1)
  2 gargoyles
  3 spiny frogs (Lair:1)
  A komodo dragon (D:12)
  4 trolls
  A queen bee (D:10)
  2 hornets (D:12)
  4 blink frogs (Lair:1)
  Prince Ribbit (D:5)
  5 hippogriffs
  8 yaks
  A vampire (D:11)
  A wyvern (D:12)
  5 vampire mosquitoes (D:12)
  2 hungry ghosts
  Edmund (D:5)
  Duvessa (D:7)
  2 water moccasins (Lair:1)
  5 ice beasts
  3 orc warriors
  2 black bears
  5 ogres
  6 sky beasts
  A necrophage (D:7)
  4 centaurs
  A crocodile (Lair:1)
  3 big kobolds
  5 bullfrogs
  Blork the orc (D:5)
  Dowan (D:7)
  A wyvern zombie (D:11)
  6 scorpions
  14 killer bees (D:10)
  2 howler monkeys (D:12)
  3 crimson imps
  2 bullfrog zombies
  A quasit (D:7)
  3 orc priests
  A hound (D:6)
  13 orc wizards
  4 jellies
  2 bullfrog skeletons
  A centaur skeleton (D:10)
  A gnoll shaman (D:5)
  3 iguanas
  7 worker ants
  3 worker ant zombies
  A howler monkey zombie (D:5)
  A howler monkey skeleton (D:5)
  12 adders
  8 gnolls (D:5)
  4 shadow imps
  2 oozes
  An adder skeleton (D:9)
  A worm (D:2)
  3 dart slugs
  8 leopard geckos
  23 orcs
  4 giant cockroaches
  5 hobgoblins
  8 jackals
  20 kobolds
  6 quokkas
  2 ball pythons
  6 bats
  9 frilled lizards
  5 goblins
  A jackal zombie (D:7)
  A leopard gecko skeleton (D:6)
  3 rats (D:1)
  A plant (D:4)
292 creatures vanquished.

Vanquished Creatures (collateral kills)
  A hydra (Lair:1)
  An elephant (D:10)
  A hippogriff (D:10)
  A basilisk (D:10)
  A crocodile (D:10)
  A kobold (D:10)
  A plant (D:10)
7 creatures vanquished.

Grand Total: 299 creatures vanquished

Notes
Turn   | Place    | Note
-------+----------+-------------------------------------------
     0 | D:1      | metalgear the Minotaur Berserker began the quest for the Orb.
     0 | D:1      | Reached XP level 1. HP: 19/19 MP: 0/0
   133 | D:1      | Reached XP level 2. HP: 8/27 MP: 1/1
   377 | D:1      | Reached skill level 4 in Axes
   788 | D:1      | Reached XP level 3. HP: 31/33 MP: 2/2
  1571 | D:2      | Reached ** piety under Trog
  2003 | D:2      | Reached XP level 4. HP: 41/41 MP: 3/3
  2550 | D:2      | Reached skill level 5 in Axes
  2626 | D:2      | Found a bloodstained altar of Trog.
  3254 | D:3      | Reached XP level 5. HP: 42/47 MP: 4/4
  3948 | D:4      | Found a shattered altar of Ashenzari.
  4426 | D:4      | Reached skill level 6 in Axes
  4548 | D:5      | Entered Level 5 of the Dungeon
  4558 | D:5      | Reached *** piety under Trog
  4558 | D:5      | Reached XP level 6. HP: 49/55 MP: 5/5
  4666 | D:5      | Reached skill level 5 in Fighting
  4794 | D:5      | Noticed Prince Ribbit
  4839 | D:5      | Killed Prince Ribbit
  4839 | D:5      | Reached skill level 7 in Axes
  4839 | D:5      | Reached skill level 5 in Armour
  4839 | D:5      | Reached XP level 7. HP: 40/61 MP: 3/6
  4873 | D:5      | Noticed Blork the orc
  4889 | D:5      | Killed Blork the orc
  5163 | D:5      | Noticed Edmund
  5181 | D:5      | Killed Edmund
  5181 | D:5      | Reached skill level 8 in Axes
  5579 | D:5      | Got a bloodstained rapier
  6353 | D:6      | Reached skill level 9 in Axes
  6353 | D:6      | Reached XP level 8. HP: 70/70 MP: 7/7
  6380 | D:6      | Found an opulent altar of Gozag.
  6708 | D:6      | Reached **** piety under Trog
  6740 | D:6      | Found a staircase to the Ecumenical Temple.
  6831 | Temple   | Entered the Ecumenical Temple
  7283 | D:7      | Reached skill level 10 in Axes
  7357 | D:7      | Reached XP level 9. HP: 79/79 MP: 8/8
  7755 | D:7      | Reached skill level 11 in Axes
  7857 | D:7      | Got an ancient plate armour
  7868 | D:7      | Identified the +1 plate armour of Baldness {-Tele rPois MR+++ Int+4} (You found it on level 7 of the Dungeon)
  7999 | D:7      | Noticed Dowan
  8005 | D:7      | Noticed Duvessa
  8014 | D:7      | Killed Duvessa
  8028 | D:7      | Killed Dowan
  8164 | D:7      | You fall through a shaft for 2 floors!
  8164 | D:9      | Found a staircase to the Orcish Mines.
  8191 | D:9      | Noticed a troll
  8205 | D:9      | Killed a troll
  8205 | D:9      | Reached ***** piety under Trog
  8229 | D:9      | Reached skill level 12 in Axes
  8238 | D:9      | Reached XP level 10. HP: 25/91 MP: 2/9
  9033 | D:9      | Reached skill level 10 in Armour
  9302 | D:10     | Entered Level 10 of the Dungeon
  9486 | D:10     | Noticed an elephant
  9487 | D:10     | Found a staircase to the Lair.
  9496 | D:10     | Killed an elephant
  9535 | Lair:1   | Entered Level 1 of the Lair of Beasts
  9598 | Lair:1   | Noticed a spiny frog
  9612 | Lair:1   | Killed a spiny frog
  9612 | Lair:1   | Reached skill level 10 in Fighting
  9656 | Lair:1   | Noticed a black mamba
  9657 | Lair:1   | Noticed a spiny frog
  9665 | Lair:1   | Reached skill level 13 in Axes
  9668 | Lair:1   | Killed a black mamba
  9670 | Lair:1   | Killed a spiny frog
  9682 | Lair:1   | Noticed a black mamba
  9692 | Lair:1   | Killed a black mamba
  9700 | Lair:1   | Noticed a seven-headed hydra
  9715 | Lair:1   | Killed an 11-headed hydra
  9829 | Lair:1   | Reached XP level 11. HP: 67/101 MP: 10/10
 10406 | D:10     | You fall through a shaft!
 10471 | D:11     | Reached skill level 14 in Axes
 10639 | D:11     | Noticed keat06's ghost (journeyman FoFi)
 10677 | D:11     | Killed keat06's ghost
 10804 | D:11     | Noticed a deep elf mage
 10829 | D:11     | Killed a deep elf mage
 11345 | D:11     | Noticed a purple ugly thing
 11364 | D:11     | Killed a purple ugly thing
 12438 | D:12     | Paralysed by a hornet for 1 turns
 12445 | D:12     | Reached XP level 12. HP: 109/111 MP: 11/11
 12517 | D:12     | Found Asothry's Weapon Shop.
 12715 | D:12     | Noticed a two-headed ogre
 12731 | D:12     | Killed a two-headed ogre
 12748 | D:12     | Slain by a yak

Skill      XL: |  1  2  3  4  5  6  7  8  9 10 11 12 |
---------------+-------------------------------------+-----
Axes           | 4 5 6 7 9 10 12 13 14 | 14.9
Fighting       | 4 5 7 9 10 11 12 | 12.0
Armour         | 3 4 5 6 7 9 11 13 | 13.8
Dodging        | 3 |  3.9
Evocations     | |  0.7

Action                   |  1- 3 |  4- 6 |  7- 9 | 10-12 || total
-------------------------+-------+-------+-------+-------++-------
Melee: Hand axe          |    68 |   179 |   330 |   525 ||  1102
       Headbutt          |    12 |    32 |    66 |   126 ||   236
Invok: Berserk           |     1 |     2 |     1 |     5 ||     9
       Burn Spellbooks   |       |       |     1 |       ||     1
       Trog's Hand       |       |       |     2 |     2 ||     4
       Brothers in Arms  |       |       |       |     4 ||     4
Evoke: Wand              |       |       |       |    10 ||    10
  Use: Scroll            |     4 |    10 |     9 |     6 ||    29
       Potion            |       |       |       |     6 ||     6
  Eat: Ration            |     1 |     3 |     4 |     6 ||    14
       Chunk             |       |     1 |       |     3 ||     4
Armor: Animal skin       |     5 |       |       |       ||     5
       Chain mail        |    34 |    49 |       |       ||    83
       Plate armour      |       |    38 |   198 |   425 ||   661
Dodge: Dodged            |    52 |    66 |   118 |   286 ||   522
